[Event "3rd President Cup-A 2024"]
[Site "Tashkent"]
[Date "2024.11.28"]
[Round "8.1"]
[White "Abdusattorov, Nodirbek"]
[Black "Xu, Minghui"]
[Result "1-0"]
[ECO "C45"]
[WhiteElo "2777"]
[BlackElo "2405"]
[Annotator "TA"]
[PlyCount "63"]
[EventDate "2024.11.22"]
[EventType "swiss"]
[EventCountry "UZB"]
[SourceTitle "playchess.com"]
[Source "ChessBase"]
[SourceQuality "1"]
[TimeControl "5400+30"]

1. e4 e5 2. Nf3 Nc6 3. d4 exd4 4. Nxd4 Bc5 5. Be3 Qf6 6. c3 Nge7 7. Bc4 Ne5 8. Be2 Qg6 9. O-O O-O 10. Nd2 d5 11. Bh5 Qa6 {[%emt 0:00:00] [#]} (11... Qf6 $11 {keeps the balance.}) 12. Nf5 $1 $16 Bd6 (12... Nxf5 13. Bxc5) 13. Nxe7+ Bxe7 {[%emt 0:00:00] White is better.} 14. exd5 Bf5 15. Bd4 Nd3 16. Qf3 Bg6 (16... g6 $142) 17. Bxg6 fxg6 18. Qe2 Rae8 {[%emt 0:00:00] [#]} 19. Ne4 {[%emt 0:00:00] Against Bc5} Nf4 20. Qxa6 bxa6 21. Rfd1 Ba3 (21... Nxd5 $142 22. Bxa7 Nb6 23. Bxb6 cxb6) 22. f3 (22. bxa3 $6 Rxe4 23. Bxa7 Rd8 $16 (23... Ne2+ 24. Kf1 $16)) ({White should try} 22. Re1 $18 Bxb2 23. Rab1) 22... Bxb2 23. Rab1 Ne2+ 24. Kh1 Ba3 25. Rb3 {[%emt 0:00:00] White is more active.} (25. Bxa7 Rxe4 26. fxe4 Nxc3 $14) 25... Be7 (25... Nxd4 $16 26. Rxd4 (26. Rxa3 Nc2 $16) 26... Bd6) 26. Bxa7 $18 g5 27. Rb2 Nf4 28. Rb7 g4 (28... Rc8 {might work better.} 29. c4 Rf7) 29. Rxc7 ({Less strong is} 29. fxg4 Ne2 30. Rb2 (30. Rxc7 Bd8 $18) 30... Nf4 $18) 29... Bd8 30. Rc8 gxf3 31. gxf3 Ng6 32. d6 {[%emt 0:00:00] Weighted Error Value: White=0.09 (flawless) /Black=0.33.  Mistake:       	White=1     	Black=4      OK:         	White=15    	Black=7      Best:        	White=2     	---} ({Much less strong is} 32. c4 Nh4 33. c5 Nxf3) 1-0

[Event "3rd President Cup-A 2024"]
[Site "Tashkent"]
[Date "2024.11.28"]
[Round "8.2"]
[White "Nihal Sarin"]
[Black "Sindarov, Javokhir"]
[Result "1-0"]
[ECO "C55"]
[WhiteElo "2676"]
[BlackElo "2682"]
[Annotator "TA"]
[PlyCount "77"]
[EventDate "2024.11.22"]
[EventType "swiss"]
[EventCountry "UZB"]
[SourceTitle "playchess.com"]
[Source "ChessBase"]
[SourceQuality "1"]
[TimeControl "5400+30"]

1. e4 e5 2. Nf3 Nc6 3. Bc4 Nf6 4. d3 h6 5. O-O d6 6. a4 g6 7. Nc3 Bg7 8. h3 O-O 9. Be3 {[%emt 0:00:00] C55: Two Knights: 4 d3, 4 d4 exd4 5 e5 and Max Lange Attack.} Kh7 10. Re1 Na5 11. Ba2 c5 12. Ne2 $146 ({Predecessor:} 12. Nd5 Nc6 13. Nxf6+ Qxf6 14. c3 g5 15. Nh2 Qd8 16. Nf1 f5 17. exf5 Bxf5 18. Ng3 {½-½ Brilej,J (2321)-Lodici,L (2524) Mitropa Cup Mali Losinj 2023 (9.8)}) 12... Nc6 13. c3 b6 14. d4 exd4 (14... Nxe4 $2 15. Bd5 Nxf2 16. Bxf2 $18) 15. cxd4 Nb4 16. Bb1 Bb7 17. d5 Nd7 18. Qd2 a5 19. Ra3 Ba6 20. h4 h5 21. Bg5 Qc7 (21... Qe8 $1 $11) 22. Ng3 $1 $16 Ne5 23. Nxe5 $1 dxe5 24. Qd1 $1 f6 25. Bd2 Qf7 {[%emt 0:03:43] [#]} 26. f4 $1 exf4 {[%emt 0:01:06] [#]} 27. Bxf4 (27. e5 $1 $18 f5 28. Nxf5 gxf5 (28... Qxd5 $2 29. Ne7 $18) 29. e6) 27... Kh8 28. Qd2 Rad8 29. Rf3 Qe7 $2 (29... Nc6 $14) 30. d6 $18 Qe6 31. e5 Nc6 (31... fxe5 32. Bxe5 Qd7 33. Rxf8+ (33. Bxg6 Rxf3 34. gxf3 Bd3 $18) 33... Rxf8 34. Nxh5 (34. Bxg6 Kg8 $18) 34... Bxe5 35. Qh6+ (35. Bxg6 Bd4+ 36. Kh1 Nd3 $11) (35. Rxe5 Qf7 $18) 35... Qh7 36. Qxf8+) (31... Qd5 $142 32. Qxd5 (32. Bxg6 Qxd2 33. Bxd2 fxe5 $18) 32... Nxd5) 32. exf6 $18 ({And not} 32. Bxg6 fxe5 33. Bf5 (33. Bxh5 Rxd6 34. Qf2 Nd4 $19) 33... Qxd6 (33... Rxf5 $2 {too greedy.} 34. Nxf5 Qxf5 35. Bxe5 $18) 34. Qxd6 Rxd6 $11) 32... Qxf6 33. Be5 $1 Qxe5 34. Rxf8+ (34. Bxg6 $2 {loses.} Qd4+ (34... Qxb2 $2 35. Rxf8+ Rxf8 36. Qg5 $19) (34... Qxd6 $2 35. Qg5 $19) 35. Qxd4 Bxd4+ $19) 34... Rxf8 35. Rxe5 Nxe5 36. Bxg6 Ng4 37. Bxh5 (37. Nxh5 $2 Rf1#) 37... Rf2 38. Qd5 Bc4 39. d7 1-0

[Event "3rd President Cup-A 2024"]
[Site "Tashkent"]
[Date "2024.11.28"]
[Round "8.3"]
[White "Neelash Saha"]
[Black "Vokhidov, Shamsiddin"]
[Result "1/2-1/2"]
[ECO "D35"]
[WhiteElo "2458"]
[BlackElo "2681"]
[Annotator "TA"]
[PlyCount "103"]
[EventDate "2024.11.22"]
[EventType "swiss"]
[EventCountry "UZB"]
[SourceTitle "playchess.com"]
[Source "ChessBase"]
[SourceQuality "1"]
[TimeControl "5400+30"]

1. d4 Nf6 2. c4 e6 3. Nc3 d5 4. cxd5 exd5 5. Bg5 Be6 6. e3 Nbd7 7. Bd3 c6 8. Nge2 {[%emt 0:02:11] White is slightly better.} h6 9. Bf4 g5 10. Bg3 Nh5 11. Qc2 Nxg3 12. Nxg3 h5 13. h4 gxh4 14. Nf5 Bxf5 15. Bxf5 Nb6 16. O-O Bg7 17. Rad1 Kf8 18. e4 dxe4 $1 19. Qxe4 Qg5 20. Rfe1 Rh6 21. Qf3 Rd8 (21... Rf6 $5 22. Re5 $8 Rh6 $14) 22. Ne4 Qe7 23. Nc5 Qc7 24. Re4 Nc4 (24... Bf6 $11) 25. Rxh4 {[%emt 0:02:19] White is more active.} (25. Re6 $1 $16 {Threatens to win with Bd3.} Nd6 26. Bd3) 25... b6 $11 26. Nb3 Nxb2 27. Rc1 a5 28. Qc3 Na4 (28... Qe7 {is more complex.} 29. Re4 Qg5 30. Bh3 Qd5) 29. Qe3 Re8 30. Qf3 b5 31. g3 (31. Rxh5 Rxh5 32. Qxh5 Nc3 $15) 31... b4 $1 32. Kg2 (32. Rxh5 Rxh5 33. Qxh5 Nc3 $17) 32... Nc3 33. Nc5 (33. Rxh5 Rxh5 34. Qxh5 Qd6 $19) 33... Re7 {[%emt 0:01:54] Dodges Nd7+} 34. a3 Nb5 35. d5 {[%emt 0:01:30] Black must now prevent dxc6.} Nd4 (35... Nxa3 36. dxc6 (36. Rxh5 Rxh5 37. Qxh5 Qd6 $14) 36... Bc3 37. Nd7+ (37. Rxh5 Rxh5 38. Nd7+ Ke8 $17) 37... Ke8 38. Re4 (38. Rxh5 Rxh5 39. Qxh5 Qxc6+ 40. Kh2 Rxd7 $17) (38. Be4 Nc4 $16) 38... Qxc6 (38... Rxc6 $2 39. Rxc3 Kd8 40. Rxe7 $18) 39. Qf4 $18) 36. Qd3 Qe5 (36... cxd5 $2 37. Nd7+ (37. Rxd4 Bxd4 38. Nd7+ Rxd7 $18) 37... Rxd7 38. Rxc7 Rxc7 39. Rxd4 Bxd4 40. Qxd4 $18) 37. dxc6 $1 Rxc6 ({Of course not} 37... Qxf5 38. Rxd4 Qxd3 39. Rxd3 Rxc6 40. axb4 $11 (40. Rd8+ Re8 $11)) 38. Nd7+ {[%emt 0:00:38] [#]} Rxd7 $1 39. Rxc6 Qxf5 40. Rc8+ Ke7 41. Qe3+ {[%emt 0:00:16] [#]} (41. Qxf5 $15 Nxf5 42. Re4+ Kf6 43. axb4) 41... Ne6 $1 $19 42. axb4 a4 ({Better is} 42... Qb5 $19 {Hoping for ...Qb7+.} 43. Rcc4 a4) 43. Rc5 $15 Rd5 44. Rc7+ (44. Ra5 $1 $15) 44... Kf8 (44... Kd8 $17 45. Ra7 Bd4 46. Ra8+ Ke7) 45. Ra7 {[%emt 0:01:35] [#]} (45. Rc8+ $1 $15 Rd8 46. Rxd8+ Nxd8 47. b5) 45... Rd3 $2 (45... Bf6 $1 $19 46. Re4 Rd4 47. Rxd4 Bxd4 48. Ra8+ Kg7) 46. Ra8+ {[%emt 0:00:09] The position is equal.} Ke7 47. Rxh5 Qg6 48. Ra7+ Kf8 49. Ra8+ Ke7 50. Ra7+ Kf8 51. Ra8+ Ke7 52. Ra7+ {[%emt 0:00:53] Weighted Error Value: White=0.16 (very precise) /Black=0.19 (very precise) .  Missed win:     	---       	Black=1      Mistake:       	White=4     	Black=3      Inaccurate:     	White=2     	---        OK:         	White=19    	Black=22     Best:        	White=4     	Black=2      Strong:       	White=1     	Black=2      Brilliant:      	---       	Black=1} 1/2-1/2

[Event "3rd President Cup-A 2024"]
[Site "Tashkent"]
[Date "2024.11.28"]
[Round "8.4"]
[White "Atabayev, Saparmyrat"]
[Black "Maghsoodloo, Parham"]
[Result "0-1"]
[ECO "B92"]
[WhiteElo "2520"]
[BlackElo "2712"]
[Annotator "RC"]
[PlyCount "156"]
[EventDate "2024.11.22"]
[EventType "swiss"]
[EventCountry "UZB"]
[SourceTitle "playchess.com"]
[Source "ChessBase"]
[SourceQuality "1"]
[TimeControl "5400+30"]

1. e4 c5 2. Nf3 d6 3. d4 cxd4 4. Nxd4 Nf6 5. Nc3 a6 6. Be2 e5 7. Nb3 Be6 8. g4 h6 9. h4 Be7 10. g5 hxg5 11. Bxg5 Nbd7 12. Qd3 Nh5 13. Nd5 Bxd5 14. Qxd5 Qc7 15. O-O-O Rc8 16. c3 b5 17. Kb1 g6 18. Qd3 Rb8 19. Bg4 Ndf6 20. Bf3 Kf8 21. Nc1 a5 22. Ne2 Qc4 23. Qe3 b4 24. Rc1 a4 25. Rhd1 b3 26. a3 Ng7 27. Qa7 Rd8 28. Ng3 Ne6 29. Be3 Rxh4 30. Rh1 Nd7 31. Qb7 Nec5 32. Qc7 Qd3+ 33. Ka1 Qa6 34. Be2 Qb6 35. Qxb6 Nxb6 36. Bb5 Rxh1 37. Rxh1 Kg7 38. c4 Nbd7 39. f3 Nf8 40. Ne2 Nfe6 41. Nc3 Ra8 42. Bc6 Ra6 43. Bb5 Ra8 44. Kb1 Bg5 45. Bf2 Nd3 46. Bb6 Ndc5 47. Rd1 Bd8 48. Bxd8 Nxd8 49. Rxd6 Nde6 50. Rd5 Nf4 51. Rd1 Kh6 52. Bc6 Ra7 53. Rg1 Nfe6 54. Bd5 Ng5 55. Rf1 Ra6 56. Kc1 Kg7 57. Kd2 Nh3 58. Ne2 Rf6 59. Ke3 Nf4 60. Nxf4 Rxf4 61. Rg1 Rh4 62. Rg2 Rh3 63. Bc6 Kf6 64. Rd2 g5 65. Rd6+ Ne6 66. Bxa4 g4 67. c5 Rxf3+ 68. Ke2 Kg7 69. Rd1 Nxc5 70. Bc6 Ne6 71. Bd5 Nf4+ 72. Kd2 g3 73. Bc4 g2 74. Rg1 Rf2+ 75. Kc3 Nh3 76. Rxg2+ Rxg2 77. a4 Nf2 78. Kxb3 Nd1 0-1

[Event "3rd President Cup-A 2024"]
[Site "Tashkent"]
[Date "2024.11.28"]
[Round "8.5"]
[White "Saydaliev, Saidakbar"]
[Black "Puranik, Abhimanyu"]
[Result "1-0"]
[ECO "B67"]
[WhiteElo "2473"]
[BlackElo "2652"]
[Annotator "TA"]
[PlyCount "111"]
[EventDate "2024.11.22"]
[EventType "swiss"]
[EventCountry "UZB"]
[SourceTitle "playchess.com"]
[Source "ChessBase"]
[SourceQuality "1"]
[TimeControl "5400+30"]

1. e4 c5 2. Nf3 Nc6 3. d4 cxd4 4. Nxd4 Nf6 5. Nc3 d6 6. Bg5 Bd7 7. Qd2 a6 8. O-O-O e6 9. Kb1 Nxd4 10. Qxd4 Be7 11. f3 Rc8 {[%emt 0:09:49] White has an edge.} 12. h4 h6 13. Be3 h5 14. Qd2 {[%emt 0:13:13] White is more active.} (14. Be2 $14 {deserves consideration.}) 14... b5 $11 15. Bg5 Qc7 16. Ne2 Rd8 17. Nd4 O-O (17... e5 $14 18. Ne2 Be6) 18. Bd3 e5 19. Ne2 Be6 20. Ng3 (20. Bxf6 $14 Bxf6 21. g4) 20... g6 21. Bh6 {[%emt 0:00:22][%cal Og3f5] aiming for Nf5!} d5 {[%emt 0:03:59] [#]} 22. Nf5 $1 dxe4 (22... Rfe8 23. Ng7) 23. Nxe7+ Qxe7 24. Bxf8 Qxf8 25. fxe4 Ng4 26. Rhe1 Qc5 27. Qa5 Rd6 (27... Rd4 $14) 28. Be2 $16 Rc6 29. Rd8+ Kg7 {[%emt 0:00:37] [#]} 30. Qd2 (30. Rc1 $1 $18) 30... Nf6 31. Bf3 b4 32. Bd1 (32. Rc1 $16) 32... Qb6 $14 33. Bf3 (33. Rd3 $16) 33... a5 (33... Qc5 $1 $11 {keeps the balance.}) 34. Rd1 Qc5 35. b3 Rc7 36. Rd3 a4 $1 37. Rc1 (37. bxa4 Qc6 (37... Ra7 38. Rd8 $11) 38. Qc1 (38. Qxb4 $2 Qxc2+ 39. Ka1 Qxa2#) (38. a5 Qa4 $11) 38... Qxa4 $15) (37. Rd8 $14) 37... Qa5 $11 38. Rd6 Ra7 39. c3 axb3 {[%emt 0:12:11] White must now prevent ...Ne8.} 40. cxb4 Qa4 (40... Qxa2+ 41. Qxa2 bxa2+ 42. Ka1 $11) (40... bxa2+ 41. Ka1 Qa4 42. Rxe6 fxe6 43. Qd6 $11) 41. Rc5 $2 (41. axb3 $2 Qa1+ (41... Bxb3 $2 42. Qb2 $19) 42. Kc2 Rc7+ 43. Kd3 Rxc1 $19 (43... Qxc1 $2 44. Qxc1 Rxc1 45. Kd2 $19)) (41. Rxe6 $1 $15 fxe6 (41... bxa2+ 42. Ka1 $11) 42. Qb2 Qxb4 (42... bxa2+ 43. Ka1 $15) 43. Qxb3) 41... bxa2+ $19 42. Ka1 Rb7 (42... Qb3 $19 43. Rc1 Rb7) 43. Rxe6 (43. Rc2 $17) 43... fxe6 (43... Rxb4 $19 44. Qxa2 fxe6 45. Qxa4 Rxa4+ 46. Kb2 Nxe4 47. Rxe5 Nd2) 44. Bd1 Qa3 (44... Qxb4 $2 45. Rc7+ (45. Qxa2 $2 Qd4+) 45... Rxc7 46. Qxb4 $18) (44... Nxe4 $142 {...Qa7 would now be deadly.} 45. Bxa4 Nxd2) 45. Bc2 $17 Ng4 (45... Qxb4 $2 46. Rc7+ Rxc7 47. Qxb4 $18) 46. Rc3 {[%emt 0:01:06] Prevents Ne3} Qa7 (46... Qxb4 $6 47. Rc7+ (47. Kxa2 $2 Qb2#) 47... Rxc7 48. Qxb4 Rxc2 49. Qe7+ Kg8 50. Qe8+ (50. Qxe6+ Kg7 $11) 50... Kg7 51. Qe7+ (51. Qxe6 Rxg2 52. Qd7+ Kf8 $11) 51... Kg8 52. Qxe6+ Kg7 53. Qe7+ Kg8 54. Qe6+ Kg7 55. Qe7+ Kg8 56. g3 $11) 47. Rd3 Nf6 48. Rd6 (48. Rc3 $15) 48... Qb8 ({Better is} 48... Rf7 $19 {[%cal Of6e4] Threatens to win with ...Nxe4!} 49. Qd3 Ng4) 49. Rxe6 Rxb4 {[%emt 0:00:31] ( -> ...Rb1+)} 50. Qd3 (50. Qg5 $2 Rb1+) (50. Qc3 $17 {was the only defense.}) 50... Rb7 ({And not} 50... Nxe4 51. Qd7+ Kh6 52. Rxg6+ (52. Kxa2 {gets mated.} Rb2+ 53. Ka1 Rxc2) (52. Qf7 $2 {leads to mate.} Rb1+) 52... Kxg6 53. Bxe4+ Rxe4 54. Qe6+ Kg7 55. Qe7+ Kh8 (55... Kg8 56. Qe6+ Kg7 57. Qe7+ Kg6 58. Qe6+ Kg7 $11) 56. Qf6+ Kg8 57. Qg6+ Kh8 58. Qxh5+ Kg7 59. Qg5+ Kf7 (59... Kh8 60. Qh6+ Kg8 61. Qg6+ Kh8 62. Qf6+ Kg8 63. Qg6+ Kh8 64. Qxe4 $11) 60. Qf5+ Kg7 61. Qxe4 $11) 51. Ra6 Rd7 52. Qa3 Qc8 $4 {[%emt 0:00:33][%mdl 8192] [#] Repels Qc5} (52... Qc7 $19 53. Qxa2 Qc5) 53. Ra8 $1 $18 Qxa8 54. Qxa8 Rd2 55. Qa7+ Kh8 56. Bb3 {[%emt 0:00:20] A wild game.   Weighted Error Value: White=0.33/Black=0.28 (precise) .  Loses game:     	White=1     	---        Missed win:     	---       	Black=1      Mistake:       	White=9     	Black=7      Inaccurate:     	White=3     	Black=6      OK:         	White=14    	Black=15     Best:        	White=5     	Black=4      Strong:       	White=1     	Black=1} 1-0

[Event "3rd President Cup-A 2024"]
[Site "Tashkent"]
[Date "2024.11.28"]
[Round "8.6"]
[White "Nigmatov, Ortik"]
[Black "Sankalp Gupta"]
[Result "1-0"]
[ECO "C11"]
[WhiteElo "2447"]
[BlackElo "2539"]
[Annotator "TA"]
[PlyCount "79"]
[EventDate "2024.11.22"]
[EventType "swiss"]
[EventCountry "UZB"]
[SourceTitle "playchess.com"]
[Source "ChessBase"]
[SourceQuality "1"]
[TimeControl "5400+30"]

1. e4 e6 2. d4 d5 3. Nc3 Nf6 4. e5 Nfd7 5. Nce2 c5 6. c3 Nc6 7. Nf3 a5 {[%emt 0:00:55] C11: French: Classical System: 4 e5 and 4 Bg5 dxe4.} 8. h4 a4 9. a3 Qa5 10. Bd2 Qb6 11. Rb1 cxd4 $146 ({Predecessor:} 11... f6 12. Nf4 cxd4 13. Nxe6 Ndxe5 14. Nfxd4 Nxd4 15. Nxd4 Bc5 16. Be3 Bg4 17. f3 Bd7 {0-1 Blohberger,F (2490)-Bartel,M (2627) EU-ch Rapid Katowice 2022 (10)}) 12. cxd4 f6 13. exf6 Nxf6 14. Nc3 Nxd4 15. Nxd4 Qxd4 16. Bb5+ Kf7 17. Qe2 e5 18. Bg5 (18. Be3 $5 Qg4 $8 19. f3 Qg3+ 20. Kf1 $11) 18... Qb6 $2 (18... Qg4 $11 {and Black stays safe.}) 19. Bxf6 $1 $18 (19. Bxa4 d4 20. O-O (20. Bxf6 $2 dxc3 $19) 20... dxc3 $15) (19. Nxa4 Rxa4 20. Bxa4 (20. Bxf6 $2 Re4 $19) 20... Qa5+ 21. b4 Qxa4 22. Qxe5 Qb5 $19 (22... Qxa3 23. O-O $11)) (19. Qxe5 $6 Qe6 20. Qe2 h5 $14) 19... gxf6 20. Nxd5 Qa5+ 21. Nc3 Bh6 (21... Bxa3 $16 22. Ra1 Bb4) 22. Rd1 $18 Kg7 23. O-O (23. Bxa4 Qc7 24. O-O Be6 $18) 23... Rf8 (23... Rd8 {keeps fighting.} 24. Qf3 (24. Bxa4 Be6 $18) (24. Nxa4 Rg8 $18) 24... Rf8) 24. Bd7 (24. Bxa4 Qa6 25. Bb5 Qe6 $18) (24. Nxa4 Kh8 25. Nc5 Qc7 $18) 24... Kh8 25. Rd5 (25. Nxa4 $2 Bxd7 26. Rxd7 Qxa4 $19) (25. Bxa4 $6 Qc7 $16) 25... Qa6 26. Qh5 (26. Bxa4 $2 Qxe2 27. Nxe2 Rxa4 $19) 26... Bg7 27. Rfd1 (27. Nxa4 $2 Bxd7 28. Rxd7 Qxa4 $19) (27. Bxa4 Be6 28. Rc5 f5 $14) 27... f5 28. Bxc8 (28. Nxa4 Bxd7 29. Rxd7 Qxa4 $15) (28. Bxa4 Qg6 29. Qe2 Be6) (28. Rd6 $18 Qc4 29. Nd5 Bxd7 30. Rxd7) 28... Raxc8 $16 29. Rd7 Qc4 (29... Qg6 $16 30. Qxg6 hxg6 31. Nxa4 (31. Rxb7 Rfd8 $16) 31... b5) 30. Rxb7 ({Better is} 30. Qg5 $18 Rf7 31. R1d5) 30... Rc6 (30... Rc7 $16 31. Rxc7 Qxc7) 31. Rb4 (31. Rxg7 $18 Kxg7 32. Rd7+ Rf7 33. Qxf5) 31... Qg8 (31... Qe6 $16 {was necessary.} 32. Rb7 (32. Rxa4 e4 $16) 32... Rb6) 32. Rd7 $1 $18 (32. Nxa4 e4 $14) 32... e4 $2 (32... Rg6 33. Rbb7 (33. Nxa4 e4 $11) 33... Qc4) 33. Rbb7 $18 (33. Nxa4 e3 $14) (33. Rxa4 Rh6 34. Qd1 (34. Qg5 Rg6 $14) 34... Rxh4 $16) 33... Rh6 34. Qd1 Bf6 35. Qd6 ({Weaker is} 35. Nxa4 e3 36. Qf3 (36. fxe3 $2 {perishes.} Qg3 $19) 36... Qc4 37. Qxe3 Qxh4 $11) 35... Bg5 $2 (35... Bg7 36. Qf4 Rg6) 36. Qc5 $18 Bxh4 37. Nd5 Bf6 38. Nxf6 Rhxf6 39. Qc7 Rh6 40. Rg7 1-0

[Event "3rd President Cup-A 2024"]
[Site "Tashkent"]
[Date "2024.11.28"]
[Round "8.7"]
[White "Yakubboev, Nodirbek"]
[Black "Prraneeth Vuppala"]
[Result "1-0"]
[ECO "C78"]
[WhiteElo "2668"]
[BlackElo "2459"]
[Annotator "TA"]
[PlyCount "87"]
[EventDate "2024.11.22"]
[EventType "swiss"]
[EventCountry "UZB"]
[SourceTitle "playchess.com"]
[Source "ChessBase"]
[SourceQuality "1"]
[TimeControl "5400+30"]

1. e4 e5 2. Nf3 Nc6 3. Bb5 a6 4. Ba4 Nf6 5. O-O b5 6. Bb3 Bc5 7. c3 d6 8. d4 Bb6 9. a4 Rb8 10. a5 $1 {[%emt 0:01:21] The main line 10.a5 scores better than 10.axb5. C78: Ruy Lopez: Archangelsk and Möller Defences.} Ba7 (10... Nxa5 $6 11. Rxa5 Bxa5 12. dxe5 Nxe4 13. Qd5 Be6 $14) 11. h3 Bb7 12. Re1 O-O 13. Be3 exd4 $1 ({Much weaker is} 13... Nxe4 $6 14. d5 $16) 14. cxd4 Ne7 (14... Nxe4 $2 {loses.} 15. d5 $18) 15. d5 c5 $146 ({Predecessor:} 15... Bxe3 16. Rxe3 c6 17. dxc6 Bxc6 18. Nbd2 Ng6 19. Qe1 Re8 20. Ng5 Re7 21. Ndf3 h6 {0-1 Pichot,A (2637)-Dubov,D (2708) MrDodgy Online Inv Gp-A 3rd blitz 2022 (7)}) 16. Bc2 Ng6 17. Nbd2 Re8 18. Qb1 Rc8 19. Nf1 Nh5 20. Kh2 (20. Qc1 $14) 20... Bb8 21. Bg5 f6 ({Better is} 21... Qc7 $14) 22. Be3 Ne5 23. Bd1 Ng6 {[%emt 0:08:43] [#]} (23... Nc4 $142) 24. Ng1 $1 $16 Nhf4 25. g3 Nxd5 26. exd5 Bxd5 27. Bc2 Nf8 28. b4 Qd7 29. Bf5 Be6 30. Bxe6+ Nxe6 31. Ne2 c4 32. Qf5 d5 {[%emt 0:00:49] [#]} 33. Rad1 $1 Rcd8 34. Bb6 Ng5 35. Nd4 Rxe1 36. Qxd7 (36. Rxe1 $2 {is the wrong capture.} Qxf5 37. Nxf5 Nf3+ 38. Kh1 Nxe1 $19) 36... Rxd7 37. Rxe1 Kf7 38. Ne3 Be5 39. Nec2 Ne4 40. Kg2 Bd6 41. Nc6 h5 42. N2d4 g6 $2 (42... Nc3 {is a better defense.} 43. Nf5 d4) 43. Nxb5 $18 axb5 44. a6 1-0

[Event "3rd President Cup-A 2024"]
[Site "Tashkent"]
[Date "2024.11.28"]
[Round "8.8"]
[White "Karthikeyan, Murali"]
[Black "Pingin, Artem"]
[Result "1/2-1/2"]
[ECO "B92"]
[WhiteElo "2625"]
[BlackElo "2447"]
[Annotator "TA"]
[PlyCount "89"]
[EventDate "2024.11.22"]
[EventType "swiss"]
[EventCountry "UZB"]
[SourceTitle "playchess.com"]
[Source "ChessBase"]
[SourceQuality "1"]
[TimeControl "5400+30"]

1. e4 c5 2. Nf3 d6 3. d4 cxd4 4. Nxd4 Nf6 5. Nc3 a6 6. Be2 e5 7. Nb3 Be7 8. Be3 Be6 9. f4 exf4 10. Bxf4 Nc6 11. Qd2 O-O 12. O-O-O Ne5 13. Kb1 Qc7 14. Rhg1 b5 {[%emt 0:05:03] [#]} 15. g4 $1 Rfc8 (15... b4 16. Nd5) 16. g5 Nfd7 17. Nd4 Bf8 18. h4 b4 ({Better is} 18... Nb6 $14) 19. Nxe6 ({White should play} 19. Nd5 $16 Bxd5 20. exd5) 19... fxe6 $11 20. Na4 Qc6 21. b3 (21. Qxb4 $2 {loses.} Qxc2+ 22. Ka1 Rab8 $19 (22... Qxe2 $2 23. Nc3 $19)) 21... a5 22. h5 Nc5 (22... Rc7 {with more complications.} 23. g6 h6 24. Rgf1 Qxe4 25. Bxe5 Nxe5 26. Nb6 Rb8) 23. Nxc5 Qxc5 24. Bxe5 Qxe5 25. Qd4 Rc5 26. Bc4 Re8 27. Qf2 {[%emt 0:03:52] [#] Black must now prevent Rdf1.} Be7 $1 28. Qf5 Qxf5 29. exf5 d5 $1 30. Bd3 {[%emt 0:00:13] Hoping for f6.} exf5 31. Bxf5 Bd6 32. Rge1 Rxe1 33. Rxe1 {[%emt 0:00:01][%mdl 4096] Endgame. KRB-KRB} d4 34. Rf1 Re5 35. g6 hxg6 36. hxg6 {[%emt 0:00:12] Bd3 is the strong threat.} Be7 {[%emt 0:00:40] The position is equal.} 37. Kc1 (37. Bd3 $5 Bf6 $8 38. Kb2 $11) 37... Bf6 38. Kd2 Re3 39. Bd3 Kf8 40. Kc1 Ke7 41. Kb2 Bh4 42. Rf7+ Kd6 43. Rf4 (43. Rxg7 $2 {is the wrong capture.} Be1 44. c3 Rxd3 $19) 43... Bg3 44. Rxd4+ Kc5 45. Rc4+ {[%emt 0:01:34] Weighted Error Value: White=0.13 (very precise) /Black=0.10 (very precise) .  Mistake:       	White=1     	Black=1      Inaccurate:     	White=3     	Black=2      OK:         	White=13    	Black=12     Best:        	White=1     	---        Strong:       	---       	Black=2} 1/2-1/2

[Event "3rd President Cup-A 2024"]
[Site "Tashkent"]
[Date "2024.11.28"]
[Round "8.9"]
[White "Daghli, Arash"]
[Black "Pranesh M"]
[Result "1/2-1/2"]
[ECO "E49"]
[WhiteElo "2435"]
[BlackElo "2580"]
[Annotator "TA"]
[PlyCount "51"]
[EventDate "2024.11.22"]
[EventType "swiss"]
[EventCountry "UZB"]
[SourceTitle "playchess.com"]
[Source "ChessBase"]
[SourceQuality "1"]
[TimeControl "5400+30"]

1. c4 e6 2. Nc3 d5 3. d4 Bb4 4. e3 Nf6 5. a3 Bxc3+ 6. bxc3 O-O 7. cxd5 exd5 8. Bd3 c5 9. Ne2 b6 10. O-O Ba6 11. f3 Re8 12. Ng3 Qc8 (12... Bxd3 $11 13. Qxd3 Nbd7) 13. Ra2 (13. e4 $16) 13... Bxd3 $11 14. Qxd3 Qa6 $1 15. Qxa6 Nxa6 16. Re2 {[%emt 0:00:12] The position is equal.} Nc7 17. dxc5 bxc5 {[%emt 0:03:03] [#]} 18. c4 $1 dxc4 19. Rc2 Nfd5 20. Rxc4 Nxe3 21. Bxe3 Rxe3 22. Rxc5 Ne6 23. Ra5 g6 24. Rd1 Rb3 25. Ne4 Rb7 26. Rd2 {[%emt 0:06:03] White did not feel at home in the position after the opening.   Weighted Error Value: White=0.23 (precise) /Black=0.15 (very precise) .  OK:         	White=6     	Black=7      Best:        	White=1     	Black=1      Strong:       	---       	Black=1} 1/2-1/2